 Dungeon Crawl Stone Soup version 0.31.0-9-g3a7656b989 (webtiles) character file.

Game seed: 15259947096201115851

315 Amaterasu the Chopper (level 6, -2/49 HPs)
             Began as a Formicid Fighter on Jan 24, 2024.
             Slain by a sleepcap (15 damage)
             ... on level 4 of the Dungeon.
             The game lasted 00:04:13 (2913 turns).

Amaterasu the Chopper (Formicid Fighter)            Turns: 2913, Time: 00:04:14

Health: -2/49      AC:  8    Str: 23    XL:     6   Next: 72%
Magic:  6/6        EV:  2    Int:  7    God:
Gold:   142        SH:  0    Dex: 13    Spells: 5/5 levels left

rFire   . . .        a - +0 war axe (elec)
rCold   . . .        c - +0 buckler
rNeg    . . .        b - +0 scale mail
rPois   .            (helmet unavailable)
rElec   .            q - +0 cloak
rCorr   .            (no gloves)
SInv    +            (no boots)
Will    .....        (no amulet) Stlth
                     (no ring)
HPRegen 0.28/turn    (no ring)
MPRegen 0.10/turn

%: no passive effects
@: sleeping
A: permanent stasis, dig shafts and tunnels, antennae 3, four strong arms
a: Dig, Shaft Self


You were on level 4 of the Dungeon.
You visited 1 branch of the dungeon, and saw 4 of its levels.

You collected 142 gold pieces.

Inventory:

Hand Weapons
 a - a +0 war axe of electrocution (weapon)
 m - a +1 dire flail
Armour
 b - a +0 scale mail (worn)
 c - a +0 buckler (worn)
 k - a scarf of repulsion
 q - a +0 cloak (worn)
Scrolls
 f - 2 scrolls of enchant weapon
 h - a scroll of immolation {unknown}
Potions
 d - a potion of might
 e - a potion of degeneration {unknown}
 g - 2 potions of enlightenment {unknown}
 n - 3 potions of lignification
 o - 2 potions of heal wounds
 p - a potion of invisibility
 s - 3 potions of brilliance


   Skills:
 * Level 4.7 Fighting
 + Level 5.8 Axes
 - Level 3.2 Armour
 - Level 4.0 Shields


You had 5 spell levels left.
You didn't know any spells.
Your spell library contained the following spells:

 Spells                   Type           Power      Damage    Failure   Level
 Summon Ice Beast         Ice/Summ       0%         N/A       99%         3
 Summon Mana Viper        Hex/Summ       0%         N/A       100%        5
 Monstrous Menagerie      Summ           0%         N/A       100%        7


Dungeon Overview and Level Annotations

Branches:
Dungeon (4/15)
 Temple: D:4-7

Altars:
Dithmenos
Elyvilon


Innate Abilities, Weirdness & Mutations

You cannot be hasted, slowed, berserked, paralysed or teleported.
You can dig through walls and to a lower floor.
You have a pair of large antennae on your head. (SInv)
Your four strong arms can wield two-handed weapons with a shield.


Message History

You hit the hobgoblin.
The hobgoblin is moderately wounded.
A sleepcap comes into view.
The hobgoblin hits you but does no damage.
You block the hobgoblin's attack.
An ogre comes into view. It is wielding a +0 giant club.
You hit the hobgoblin.
You kill the hobgoblin!
Found an escape hatch in the floor.
The endoplasm freezes you.
You are frozen.
You see here a hobgoblin corpse.
You hit the endoplasm.
The endoplasm is almost dead.
The endoplasm hits you but does no damage.
You slash the endoplasm!
Lightning courses through the endoplasm!!
You kill the endoplasm!
The ogre barely misses you.
You slash the ogre!
The ogre is severely wounded.
You hit the sleepcap. The sleepcap releases spores at you.
The ogre hits you with a +0 giant club!!
Ouch! That really hurt!
You hit the ogre. Lightning courses through the ogre!
You kill the ogre!
You hit the sleepcap. The sleepcap misses you.
The sleepcap attacks as it pursues you! The sleepcap barely misses you.
A scorpion comes into view.
You see here an adder corpse.
You hit the sleepcap.
Lightning courses through the sleepcap!!
The sleepcap is almost destroyed.
You hear the hiss of a very distant avalanche of sand.
You block the sleepcap's attack. The sleepcap releases spores at you.
* * * LOW HITPOINT WARNING * * *
You are engulfed in a cloud of soporific spores!
You fall asleep.
The sleepcap releases spores at you!
You die...

..>##....
.......)>......#
.<.......
...............#
........#
##.............#
..#....
.......))).....#
.....######...).......#
#..{.# ##...)).....#
#..).# #.....<....#
#..†s#### #..........#
####.f@.# ########..##
........##.### #...##
.######......#####
#.#.##
##.........####.....
#.).........###.###
.........^..#.....##.
#################.##.
####. ##


You could see a sleepcap and a scorpion.

Vanquished Creatures
  An ogre (D:4)
  An orc priest (D:3)
  A jelly (D:3)
  An orc wizard (D:3)
  Robin (D:4)
  4 adders
  3 dart slugs
  A ribbon worm (D:2)
  7 orcs
  6 ball pythons
  6 endoplasms
  4 giant cockroaches
  13 goblins
  12 hobgoblins
  8 kobolds
  3 quokkas
  8 bats
  6 frilled lizards
  5 rats
91 creatures vanquished.

Notes
Turn   | Place    | Note
-------+----------+-------------------------------------------
     0 | D:1      | Amaterasu the Formicid Fighter began the quest for the Orb.
     0 | D:1      | Reached XP level 1. HP: 18/18 MP: 1/1
   104 | D:1      | Reached XP level 2. HP: 24/24 MP: 2/2
   279 | D:1      | Reached skill level 3 in Axes
   384 | D:1      | Reached XP level 3. HP: 29/29 MP: 3/3
  1200 | D:2      | Found a faded altar of an unknown god.
  1592 | D:2      | Reached skill level 4 in Axes
  1592 | D:2      | Reached XP level 4. HP: 18/35 MP: 4/4
  1963 | D:3      | Found a white marble altar of Elyvilon.
  2088 | D:3      | Found a shadowy altar of Dithmenos.
  2192 | D:3      | Reached XP level 5. HP: 40/41 MP: 5/5
  2196 | D:3      | Reached skill level 5 in Axes
  2669 | D:4      | Noticed Robin
  2676 | D:4      | Killed Robin
  2677 | D:4      | Reached XP level 6. HP: 37/49 MP: 6/6
  2902 | D:4      | Noticed an ogre
  2908 | D:4      | Killed an ogre
  2913 | D:4      | Slain by a sleepcap

Illustrated notes

Levels and vault maps discovered:
D:1:      matt_arrival_los_fun, layout_basic, serial_rivers,
          chequers_serial_rivers_small_3, chequers_serial_rivers_small_b,
          chequers_serial_rivers_marsh, chequers_serial_rivers_small_a,
          chequers_serial_rivers_room_a, chequers_serial_rivers_micro_b,
          st_stairs_13
D:2:      layout_loops_ring, nicolae_ecumenical_lake_church, kennysheep_potato
D:3:      layout_loops_corners, mainiacjoe_overflow_tiny_flanked,
          mainiacjoe_overflow_catwalk, kennysheep_generic_room_12
D:4:      layout_rooms, minmay_temple_entry_overgrown,
          lightli_ossuary_entry_decrepit_ruins, minmay_misc_feat_columns,
          uniq_robin, uniq_grinder

Skill      XL: |  1  2  3  4  5 |
---------------+----------------+-----
Axes           | 3 4 5 |  5.8
Fighting       | 4 |  4.7
Armour         | |  3.2
Shields        | |  4.0

Action                     |  1- 3 |  4- 6 || total
---------------------------+-------+-------++-------
  Melee: War axe           |    55 |    91 ||   146
         Dire flail        |    80 |     1 ||    81
    Use: Scroll            |       |    11 ||    11
 Armour: Scale mail        |   102 |    53 ||   155
  Dodge: Dodged            |    75 |    40 ||   115
         Repelled          |     1 |       ||     1
  Block: Buckler           |    44 |    28 ||    72
